Map: 贝克特工业-天梯版

Players

Cyan

  • Race: Protoss Protoss
  • League: Master

JieShi - Winner!

  • Race: Protoss Protoss

Event: DreamHack SC2 Masters 2021 Winter

VOD

Have the link to the VOD?

Description

Time

  • Played on: Oct. 7, 2021, 7:47 a.m.
  • Length: 6:37

All games in this series

Show
View Real Time Build Order
Export as new Build Order

Cyan Protoss 

Build Orders: Oracle Opening 

Get SALT Encoding   

  12  0:00  Probe  
  13  0:12  Probe  
  14  0:17  Pylon  
  14  0:24  Probe (Chrono Boost)  
  15  0:36  Probe (Chrono Boost)  
  15  0:38  Gateway  
  16  0:44  Probe (Chrono Boost)  
  16  0:48  Assimilator  
  17  0:51  Probe  
  17  0:56  Assimilator  
  18  1:03  Probe (Chrono Boost)  
  19  1:08  Gateway  
  19  1:13  Probe (Chrono Boost)  
  19  1:18  Probe  
  21  1:25  Cybernetics Core  
  21  1:30  Probe  
  22  1:37  Pylon  
  22  1:42  Probe  
  23  1:55  Probe  
  24  2:02  Stalker x2  
  24  2:04  Warp Gate  
  28  2:13  Pylon  
  28  2:22  Pylon  
  28  2:28  Stargate  
  28  2:38  Stalker  
  28  2:40  Stalker  
  32  3:05  Nexus  
  32  3:12  Oracle (Chrono Boost)  
  34  3:23  Shield Battery  
  34  3:29  Probe  
  34  3:33  Shield Battery  
  35  3:47  Pylon  
  33  3:54  Stalker  
  35  3:56  Stalker  
  35  3:59  Probe  
  38  4:06  Oracle (Chrono Boost)  
  41  4:14  Probe  
  36  4:27  Twilight Council, Probe  
  36  4:30  Probe  
  38  4:37  Shield Battery  
  38  4:45  Stalker  
  40  4:51  Stalker  
  38  4:55  Probe  
  38  4:59  Probe  
  36  5:08  Stalker  
  36  5:12  Probe  
  38  5:19  Stalker  
  35  5:29  Probe  
  35  5:30  Probe  
  37  5:42  Probe  
  38  5:46  Probe  
  37  5:54  Adept  
  39  5:57  Adept  
  39  5:59  Probe x2  
  43  6:07  Probe x2  
  42  6:16  Stalker, Probe  
  42  6:17  Probe  
  47  6:26  Stalker  
Show
View Real Time Build Order
Export as new Build Order

JieShi Protoss - Winner!

Build Orders:  

Get SALT Encoding   

  12  0:00  Probe  
  13  0:12  Probe  
  14  0:18  Pylon  
  14  0:25  Probe (Chrono Boost)  
  15  0:37  Probe (Chrono Boost)  
  15  0:38  Gateway  
  16  0:44  Probe (Chrono Boost)  
  16  0:47  Assimilator  
  17  0:51  Probe  
  17  0:55  Assimilator  
  18  1:03  Probe (Chrono Boost)  
  19  1:08  Gateway  
  19  1:13  Probe (Chrono Boost)  
  20  1:18  Probe (Chrono Boost)  
  21  1:25  Cybernetics Core  
  21  1:30  Probe  
  22  1:35  Pylon  
  22  1:42  Probe  
  23  1:54  Probe  
  24  2:01  Warp Gate  
  24  2:02  Stalker x2  
  28  2:15  Pylon  
  28  2:28  Pylon  
  28  2:32  Adept  
  28  2:33  Adept  
  32  2:50  Nexus  
  32  2:57  Shield Battery  
  32  2:59  Probe  
  32  3:02  Sentry  
  35  3:07  Sentry  
  35  3:11  Probe  
  38  3:19  Pylon  
  38  3:22  Shield Battery  
  38  3:24  Probe  
  39  3:37  Probe  
  39  3:38  Twilight Council  
  38  3:50  Stalker  
  38  3:55  Adept  
  42  4:01  Probe (Chrono Boost)  
  43  4:05  Probe (Chrono Boost)  
  46  4:18  Stalker x2  
  46  4:19  Blink (Chrono Boost)  
  47  4:24  Probe  
  47  4:27  Probe  
  49  4:36  Probe  
  50  4:39  Probe  
  50  4:44  Stalker x2  
  55  4:49  Probe  
  55  4:51  Probe  
  55  5:01  Probe  
  55  5:03  Probe  
  55  5:13  Probe  
  52  5:15  Probe  
  52  5:19  Stalker x2  
  52  5:20  Robotics Facility  
  57  5:25  Probe  
  57  5:28  Probe  
  59  5:35  Pylon  
  57  5:37  Assimilator, Probe  
  57  5:40  Probe  
  59  5:46  Gateway  
  59  5:47  Gateway  
  57  5:54  Stalker x2  
  59  5:57  Pylon  
  59  6:06  Warp Prism (Chrono Boost)  
  59  6:10  Nexus  
  61  6:12  Pylon  
  61  6:19  Stalker x2  
  65  6:28  Forge  

Tags
 
Add a new tag
Caveats
  • Supply blocks, unpowered buildings, or Contaminate may cause inaccurate times.
  • Supply counts are checked every 10 seconds.